cohdb
Replays
Latest Replays
All Replays
Popular Replays
Top Player Replays
Match Explorer
How It Works
Community
CoH3 Stats
Reddit
Sign in to upload your games and track your stats! →
Sign in with Steam
Match 45421012
Unlisted
Match 45421012
Overview
Messages
Build Orders
End
Royal Engineer Section
Construct Section Command Post
Dingo Light Scout Car
Infantry Section
Infantry Section
Infantry Section
Construct Platoon Command Post
Unlock M3 Stuart Light Tanks
Selects Indian Artillery Battlegroup
Selects War Cry
Selects Gurkha Rifles Section
Gurkha Rifles Section
M3 Stuart Light Tank
M3 Stuart Light Tank
Vickers Machine Gun Team
Infantry Section
Selects Volunteer Infantry
6-pounder Anti-tank Gun Team
Ackermann
Sad Pepe
0
0
Comments
sign in to comment!
No comments posted yet!